 Dungeon Crawl Stone Soup version 0.30.1-9-gdf580d7c3d (webtiles) character file.

Game seed: 4394498930655240120

52 HospitalGownGirl the Conjurer (level 4, -1/31 HPs)
             Began as a Human Conjurer on Oct 25, 2023.
             Slain by an orc wizard
             ... wielding a +0 dagger
              (2 damage)
             ... on level 3 of the Dungeon.
             The game lasted 00:04:28 (623 turns).

HospitalGownGirl the Conjurer (Human Conjurer)       Turns: 623, Time: 00:04:28

Health: -1/31      AC:  2    Str:  7    XL:     4   Next: 8%
Magic:  1/7        EV: 12    Int: 20    God:
Gold:   7          SH:  0    Dex: 12    Spells: 4/7 levels left

rFire   . . .        b - +1 falchion (drain)
rCold   . . .        (no shield)
rNeg    . . .        a - +0 robe
rPois   .            (no helmet)
rElec   .            (no cloak)
rCorr   .            (no gloves)
SInv    .            (no boots)
Will    .....        (no amulet)
Stlth   ++           (no ring)
HPRegen 0.25/turn    (no ring)
MPRegen 0.10/turn

%: no passive effects
@: no status effects
A: no striking features
a: no special abilities


You were on level 3 of the Dungeon.
You visited 1 branch of the dungeon, and saw 3 of its levels.

You collected 7 gold pieces.

Inventory:

Hand Weapons
 b - a +1 falchion of draining (weapon)
Armour
 a - a +0 robe (worn)
Scrolls
 c - a scroll of identify {unknown}


   Skills:
 * Level 0.6 Fighting
 * Level 0.2 Long Blades
 * Level 0.3 Armour
 * Level 2.3 Dodging
 * Level 2.3 Stealth
 * Level 2.1 Spellcasting
 * Level 4.7 Conjurations


You had 4 spell levels left.
You knew the following spells:

 Your Spells              Type           Power      Damage    Failure   Level
a - Magic Dart            Conj           84%        1d7       2%          1
b - Searing Ray           Conj           42%        2d6       3%          2

Your spell library contained the following spells:

 Spells                   Type           Power      Damage    Failure   Level
 Dazzling Flash           Conj/Hex       22%        N/A       17%         3
 Fulminant Prism          Conj/Hex       5%         3d7       50%         4
 Iskenderun's Mystic Bla  Conj/Tloc      11%        2d4       50%         4


Dungeon Overview and Level Annotations

Branches:
Dungeon (3/15)

Altars:


Message History

The orc wizard points at you and mumbles some strange words.
The puff of flame hits you.
* * * LOW HITPOINT WARNING * * *
An orc wizard comes into view. It is wielding a +0 dagger.
You closely miss the orc. The bat closely misses you.
The bat barely misses you. The orc barely misses you.
The orc wizard gestures wildly while chanting.
The orc wizard flickers and vanishes!
Deactivating autopickup; reactivate with Ctrl-A.
You hit the orc. You drain the orc.
You kill the orc!
The bat hits you but does no damage. The bat hits you.
* * * LOW HITPOINT WARNING * * *
Something hits you.
* * * LOW HITPOINT WARNING * * *
Unknown command.
You aren't carrying any potions.
The air fills with toxic fumes!
As you read the scroll labelled YMEVEE XEPAA, it crumbles to dust.
It was a scroll of poison.
The bat barely misses you. Something completely misses you.
The orc wizard gestures wildly while chanting.
The orc wizard flickers and vanishes!
You closely miss the bat. The bat barely misses you.
The bat hits you but does no damage. The bat closely misses you.
Something hits you.
* * * LOW HITPOINT WARNING * * *
You closely miss the bat.
The bat misses you. x2; Something hits you.
* * * LOW HITPOINT WARNING * * *
Aiming: Searing Ray (safe; 3% risk of failure)
Press: ? - help, Q - select action, (/) - cycle Shift-Dir - straight line, f - bat
Aim: a bat (66% to hit)
The searing ray hits the bat.
You kill the bat!
The searing ray hits the hobgoblin.
You kill the hobgoblin!
The searing ray hits something! (Press . to maintain the ray.)
Something hits you.
You die...

#...##.# #
#§§§§§§#
#.#§§§§§§# #
#.#§§§§§##§§
#..§§§§§.§§.
#>§{§§.§§#
#<§.§#
#)#r##§#
#@)§§§§#
#§§§#§§§§
##### ##§


You could see a rat.

Vanquished Creatures
  An orc wizard (D:3)
  An adder (D:2)
  2 dart slugs (D:2)
  An orc (D:3)
  An endoplasm (D:2)
  A giant cockroach (D:1)
  A goblin (D:1)
  2 hobgoblins
  A kobold (D:2)
  2 bats (D:3)
  A frilled lizard (D:1)
  3 rats (D:1)
17 creatures vanquished.

Vanquished Creatures (others)
  A goblin (D:2)
1 creature vanquished.

Grand Total: 18 creatures vanquished

Notes
Turn   | Place    | Note
-------+----------+-------------------------------------------
     0 | D:1      | HospitalGownGirl the Human Conjurer began the quest for the
                  | Orb.
     0 | D:1      | Reached XP level 1. HP: 13/13 MP: 3/3
   268 | D:1      | Reached XP level 2. HP: 11/19 MP: 0/5
   271 | D:1      | Learned a level 2 spell: Searing Ray
   488 | D:2      | Reached XP level 3. HP: 25/25 MP: 2/6
   611 | D:3      | Identified a scroll of acquirement
   611 | D:3      | Acquired a +1 falchion of draining
   616 | D:3      | Reached XP level 4. HP: 13/31 MP: 2/7
   622 | D:3      | HP: 1/31 [something (3)]
   623 | D:3      | Slain by an orc wizard

Illustrated notes

Levels and vault maps discovered:
D:1:      beargit_arrival_greenhouse, layout_basic,
          chequers_ecumenical_altar_simple_redux
D:2:      layout_loops_ring, minivault_19, minmay_split_cup_small
D:3:      layout_basic, minmay_misc_feat_roman, uniq_natasha

Action                     |  1- 3 |  4- 6 || total
---------------------------+-------+-------++-------
  Melee: Falchion          |     2 |     6 ||     8
   Cast: Magic Dart        |    21 |       ||    21
         Searing Ray       |     6 |     1 ||     7
    Use: Scroll            |     4 |     1 ||     5
         Potion            |     1 |       ||     1
 Armour: Robe              |     8 |     4 ||    12
  Dodge: Dodged            |    35 |    12 ||    47
